 Dungeon Crawl Stone Soup version 0.22-a0-283-g1871b15 (webtiles) character file.

42 Amnesiac the Gusty (level 3, 0/20 HPs)
             Began as a Tengu Air Elementalist on Mar 19, 2018.
             Slain by an adder (3 damage)
             ... on level 2 of the Dungeon.
             The game lasted 00:02:41 (1360 turns).

Amnesiac the Gusty (Tengu Air Elementalist)         Turns: 1360, Time: 00:02:42

Health: 0/20       AC:  3    Str:  8    XL:     3   Next: 56%
Magic:  0/7        EV: 12    Int: 16    God:
Gold:   28         SH:  0    Dex: 14    Spells: 2/6 levels left

rFire    . . .     SeeInvis .   d - +0 hunting sling
rCold    . . .     Gourm    .   (no shield)
rNeg     . . .     Faith    .   a - +1 robe
rPois    .         Spirit   .   (helmet restricted)
rElec    .         Reflect  .   (no cloak)
rCorr    .         Harm     .   (no gloves)
MR       .....                  (boots unavailable)
Stlth    ++........             (no amulet)
HPRegen  0.06/turn              (no ring)
MPRegen  0.10/turn              (no ring)

@: lethally poisoned (0 -> -6)
A: beak, talons 3
a: no special abilities


You were on level 2 of the Dungeon.
You were very hungry.

You visited 1 branch of the dungeon, and saw 2 of its levels.

You collected 28 gold pieces.

Inventory:

Hand Weapons
 d - a +0 hunting sling (weapon)
Missiles
 h - 17 stones (quivered)
Armour
 a - a +1 robe (worn)
Potions
 b - a potion of flight {!q, unknown}
 e - a potion of agility {!q, unknown}
 f - 2 potions of heal wounds {!q}
 g - a potion of lignification {!q, unknown}
 i - a potion of invisibility {!q}
Comestibles
 c - 3 rations


   Skills:
 + Level 1.3 Fighting
 - Level 2.1 Dodging
 - Level 2.0 Stealth
 + Level 2.4 Spellcasting
 - Level 1.3 Conjurations
 * Level 5.1 Air Magic


You had 2 spell levels left.
You knew the following spells:

 Your Spells              Type           Power        Failure   Level  Hunger
a - Shock                 Conj/Air       ##..         5%          1    #......
b - Static Discharge      Conj/Air       ##......     16%         3    ###....


Dungeon Overview and Level Annotations

Branches:
Dungeon (2/15)

Altars:


Innate Abilities, Weirdness & Mutations

You have a beak for a mouth.
You have claws for feet.


Message History

The goblin is severely wounded.
The zap hits the goblin.
You kill the goblin!
There is an open door here.
Magic restored.
There is an open door here.
There is a stone staircase leading down here.
You start resting.
You are near starving!
You start resting.
HP restored.
You climb downwards.
An adder and a goblin come into view.
Found 7 gold pieces.
There is a stone staircase leading up here.
Casting: Shock (safe; 5% risk of failure)
Confirm with . or Enter, or press ? or * to list all spells.
Aiming: Shock (safe; 5% risk of failure)
Press: ? - help, Shift-Dir - straight line, f - goblin
Aim: a goblin, wielding a club (hasn't noticed you)
The zap hits the goblin.
You kill the goblin!
Unknown command.
A bat comes into view.
The adder hisses angrily.
Casting: Shock (safe; 5% risk of failure)
Confirm with . or Enter, or press ? or * to list all spells.
Aiming: Shock (safe; 5% risk of failure)
Press: ? - help, Shift-Dir - straight line The zap hits the bat.
You kill the bat!
Casting: Shock (safe; 5% risk of failure)
Confirm with . or Enter, or press ? or * to list all spells.
The adder is struck by lightning.
The adder is heavily wounded.
The lightning arcs!
You are struck by lightning.
The lightning grounds out.
You are starving!
The adder completely misses you. The adder bites you.
You are poisoned.
The adder poisons you!
You feel sick.
You feel sick. The adder bites you.
* * * LOW HITPOINT WARNING * * *
You see here a bat corpse.
You butcher the bat corpse.
The adder barely misses you.
j - a chunk of flesh
* * * LOW HITPOINT WARNING * * *
You feel sick. The adder barely misses you. The adder bites you.
* * * LOW HITPOINT WARNING * * *
You don't have the energy to cast that spell.
Eat a chunk of flesh? (ye/n/q)
You eat the chunk of flesh.
This raw flesh tastes terrible.
You are feeling very hungry.
* * * LOW HITPOINT WARNING * * *
You feel sick. The adder bites you but does no damage.
Casting: Static Discharge (safe; 16% risk of failure)
Confirm with . or Enter, or press ? or * to list all spells.
The adder is struck by lightning.
The adder is almost dead.
The lightning grounds out.
The adder bites you.
You die...

...........#.
........... .
#......##
#..#.....<.#
#.).......#
###.......#
#......###
#...#......##
#.########S@#
# #......#
#.######


You could see an adder.

Vanquished Creatures
  2 adders (D:2)
  2 leopard geckos (D:1)
  4 giant cockroaches
  3 goblins
  2 hobgoblins (D:1)
  A quokka (D:2)
  3 bats
  A frilled lizard (D:2)
  3 rats
21 creatures vanquished.

Notes
Turn   | Place    | Note
-------+----------+-------------------------------------------
     0 | D:1      | Amnesiac the Tengu Air Elementalist began the quest for the Orb.
     0 | D:1      | Reached XP level 1. HP: 10/10 MP: 4/4
   240 | D:1      | Reached XP level 2. HP: 16/16 MP: 3/6
  1034 | D:2      | Reached skill level 1 in Fighting
  1034 | D:2      | Reached XP level 3. HP: 17/20 MP: 4/7
  1039 | D:2      | Learned a level 3 spell: Static Discharge
  1086 | D:2      | Reached skill level 5 in Air Magic
  1360 | D:2      | Slain by an adder

Vault maps used:
D:1:      roderic_octagonal_star, roderic_lattice_a
D:2:      xom_butterflies, zin_angel, first_ration

Skill      XL: |  1  2  3 |
---------------+----------+-----
Fighting       | 1 |  1.3
Air Magic      | 5 |  5.1
Dodging        | |  2.1
Stealth        | |  2.0
Spellcasting   | |  2.4
Conjurations   | |  1.3

Action                   || total
-------------------------++-------
Melee: Unarmed           ||     2
 Cast: Shock             ||    46
       Static Discharge  ||     2
  Use: Scroll            ||     5
  Eat: Chunk             ||     1
Armor: Robe              ||     2
Dodge: Dodged            ||    12

Table legend:
 A = Spawn XP
 B = Non-spawn XP
 C = Spawn XP percentage of total XP
 D = Spawn monster count
 E = Non-spawn monster count
 F = Spawn count percentage of total count
 G = Total turns spent on level
                    A         B        C        D         E        F      G
               +---------+---------+-------+---------+---------+-------+---------
         Total |       0 |      61 |   0.0 |       0 |      21 |   0.0 |  1360
               +---------+---------+-------+---------+---------+-------+---------
           D:1 |       0 |      24 |   0.0 |       0 |      13 |   0.0 |  1170
           D:2 |       0 |      37 |   0.0 |       0 |       8 |   0.0 |   190
               +---------+---------+-------+---------+---------+-------+---------
